[Event "Titled Tuesday Blitz January 18 2022"]
[White "Onyshchuk, Volodymyr"]
[Black "Iskusnyh, Sergei"]
[WhiteFideId "14114038"]
[BlackFideId "4120027"]
[WhiteElo "2642"]
[BlackElo "2492"]
[Result "1-0"]
[Round "02"]
[TimeControl "180+1"]
[Date "2022.01.18"]
[WhiteClock "0:00:30"]
[BlackClock "0:00:06"]

1. g3 d5 2. Bg2 Nf6 3. d3 c6 4. b3 e5 5. Bb2 Bd6 6. Nd2 O-O 7. e3 a5 8. a3 Qe7 9. Ne2 Re8 10. h3 Nbd7 11. O-O Nf8 12. e4 dxe4 13. dxe4 b6 14. Nc4 Bc7 15. Ne3 Be6 16. Nc1 Rad8 17. Qe2 Bc8 18. Nd3 b5 19. a4 b4 20. Rad1 g6 21. Nc4 N8d7 22. Qe3 Ba6 23. Rfe1 Bxc4 24. bxc4 Bd6 25. f4 exf4 26. gxf4 Nh5 27. e5 Bc7 28. c5 Qe6 29. Qf3 Nxc5 30. Nxc5 Bb6 31. Bd4 Qc4 32. Bf1 Qxc2 33. Bd3 Rxd4 34. Bxc2 Rxf4 35. Qxc6 Re6 36. Qc8+ Kg7 37. Kg2 Bxc5 38. Qxc5 Rh4 39. Rf1 Nf4+ 40. Rxf4 Rxf4 41. Rf1 1-0


[Site "https://www.chess.com"]

[Event "Titled Tuesday Blitz January 18 2022"]
[White "Oparin, Grigoriy"]
[Black "Mustafayev, Farid"]
[WhiteFideId "24125890"]
[BlackFideId "13408771"]
[WhiteElo "2936"]
[BlackElo "2611"]
[Result "1-0"]
[Round "02"]
[TimeControl "180+1"]
[Date "2022.01.18"]
[WhiteClock "0:01:50"]
[BlackClock "0:00:51"]

1. e3 Nf6 2. d4 g6 3. Nf3 Bg7 4. c4 O-O 5. Nc3 d6 6. b3 Nbd7 7. Bb2 c6 8. Be2 Qc7 9. Qc2 e5 10. O-O Re8 11. dxe5 dxe5 12. Rfd1 b6 13. b4 Bb7 14. a4 a5 15. b5 Nc5 16. Ba3 Rad8 17. Bxc5 bxc5 18. Nd2 cxb5 19. cxb5 e4 20. Nc4 Nd5 21. Nxd5 Bxd5 22. b6 Qb8 23. Rab1 Bxc4 24. Bxc4 Rxd1+ 25. Qxd1 Rd8 26. Qb3 Qb7 27. g3 Rd6 28. Bxf7+ Kf8 29. Bc4 Bf6 30. Qb5 Bc3 31. Qxc5 Ke7 32. Ba6 Qb8 33. Qc7+ 1-0


[Site "https://www.chess.com"]

[Event "Titled Tuesday Blitz January 18 2022"]
[White "Panesar Vedant"]
[Black "Rozhkov, Viacheslav"]
[WhiteFideId "35033018"]
[BlackFideId "4181484"]
[WhiteElo "1971"]
[BlackElo "2324"]
[Result "1-0"]
[Round "02"]
[TimeControl "180+1"]
[Date "2022.01.18"]
[WhiteClock "0:00:27"]
[BlackClock "0:00:23"]

1. d4 d5 2. c4 dxc4 3. e3 e6 4. Bxc4 Nf6 5. Nf3 Be7 6. Nc3 O-O 7. O-O a6 8. a4 c5 9. Qe2 Nc6 10. Rd1 cxd4 11. exd4 Nd5 12. Ne4 Ncb4 13. Ne5 b6 14. Ra3 Bb7 15. Rh3 g6 16. Bh6 f5 17. Nc3 Bg5 18. Nc6 Qf6 19. Bxg5 Qxg5 20. Qxe6+ Kh8 21. Nxd5 Nxc6 22. Qd7 h5 23. Qxb7 Nxd4 24. Rxd4 Qc1+ 25. Bf1 Rae8 26. Re3 1-0


[Site "https://www.chess.com"]

[Event "Titled Tuesday Blitz January 18 2022"]
[White "Perez Ponsa, Federico"]
[Black "Pert, Richard G"]
[WhiteFideId "117927"]
[BlackFideId "404748"]
[WhiteElo "2911"]
[BlackElo "2599"]
[Result "1-0"]
[Round "02"]
[TimeControl "180+1"]
[Date "2022.01.18"]
[WhiteClock "0:00:12"]
[BlackClock "0:00:04"]

1. e4 c5 2. Nf3 d6 3. Nc3 Nf6 4. e5 dxe5 5. Nxe5 Nbd7 6. Nc4 Nb6 7. b3 e6 8. Be2 Be7 9. O-O O-O 10. Bf3 Nxc4 11. bxc4 Rb8 12. d3 b6 13. a4 Bb7 14. Bf4 Bd6 15. Bg5 Be5 16. Ra3 a6 17. Bxb7 Rxb7 18. Qf3 Rd7 19. Rb1 Qc7 20. g3 h6 21. Bxf6 Bxf6 22. Ne4 Bd4 23. Rab3 f5 24. Nd2 Rd6 25. a5 bxa5 26. Rb7 Qd8 27. Ra7 Rd7 28. Rxa6 e5 29. Nb3 e4 30. Qf4 Qe7 31. Nxd4 Rxd4 32. Qe3 f4 33. gxf4 Qh4 34. Rxa5 Rxf4 35. Rxc5 Qg4+ 36. Qg3 exd3 37. cxd3 Qe2 38. h3 Rg4 39. hxg4 Rxg4 40. Rd5 Rxg3+ 41. fxg3 h5 42. Rf1 Qe3+ 43. Kg2 g5 44. Rf3 Qe2+ 45. Rf2 Qe3 46. c5 h4 47. gxh4 gxh4 48. Rdf5 Qg3+ 49. Kf1 Qxd3+ 50. Kg1 Qd1+ 51. Kh2 Qd4 52. Rg2+ Kh7 53. Rh5# 1-0


[Site "https://www.chess.com"]

[Event "Titled Tuesday Blitz January 18 2022"]
[White "Petrova, Irina"]
[Black "Mokshanov, Alexey"]
[WhiteFideId "14124122"]
[BlackFideId "24121657"]
[WhiteElo "1988"]
[BlackElo "2141"]
[Result "0-1"]
[Round "02"]
[TimeControl "180+1"]
[Date "2022.01.18"]
[WhiteClock "0:01:10"]
[BlackClock "0:00:51"]

1. e4 e6 2. d4 d5 3. Nc3 Nf6 4. Bg5 dxe4 5. Nxe4 Nbd7 6. Nf3 h6 7. Nxf6+ Nxf6 8. Bxf6 Qxf6 9. Bd3 Bd6 10. c3 Bd7 11. Be4 O-O 12. Qc2 Bc6 13. Bxc6 bxc6 14. O-O c5 15. Rad1 cxd4 16. Nxd4 Rab8 17. Rfe1 Rb6 18. b3 g6 19. c4 Bb4 20. Rf1 a6 21. Qe4 Rd6 22. Nf3 Bc5 23. Qb7 Rxd1 24. Rxd1 Qb2 25. Rf1 Rd8 26. Qxc7 Qxf2+ 0-1


[Site "https://www.chess.com"]

[Event "Titled Tuesday Blitz January 18 2022"]
[White "Pichot, Alan"]
[Black "Padmini, Rout"]
[WhiteFideId "110973"]
[BlackFideId "5029295"]
[WhiteElo "2543"]
[BlackElo "2181"]
[Result "1-0"]
[Round "02"]
[TimeControl "180+1"]
[Date "2022.01.18"]
[WhiteClock "0:00:41"]
[BlackClock "0:00:01"]

1. e4 c5 2. Nf3 Nc6 3. Bc4 e6 4. O-O Nf6 5. d3 d6 6. c3 Be7 7. Re1 O-O 8. Bb3 e5 9. Nbd2 b5 10. Nf1 a5 11. a4 b4 12. Bg5 Be6 13. Bxf6 Bxf6 14. Ne3 g6 15. Bc4 Ne7 16. Nd2 Bg5 17. Bxe6 fxe6 18. Qg4 Bf6 19. Qxe6+ Kh8 20. Ndc4 Nc8 21. Nd5 Bg7 22. Re3 Ra7 23. Rh3 Raf7 24. Qxg6 h6 25. Rf1 Qd7 26. Nce3 Ne7 27. Nxe7 Qxe7 28. Nf5 Qf6 29. Rg3 Rd8 30. Qh5 Kh7 31. Nxh6 Bxh6 32. Rf3 Qxf3 33. gxf3 Rg8+ 34. Kh1 Rfg7 35. Qf5+ 1-0


[Site "https://www.chess.com"]

[Event "Titled Tuesday Blitz January 18 2022"]
[White "Ponikarovsky, Alexey"]
[Black "Martin Duque, Jesus"]
[WhiteFideId "4122887"]
[BlackFideId "2208954"]
[WhiteElo "1872"]
[BlackElo "2243"]
[Result "0-1"]
[Round "02"]
[TimeControl "180+1"]
[Date "2022.01.18"]
[WhiteClock "0:00:11"]
[BlackClock "0:01:31"]

1. e4 c5 2. d4 cxd4 3. Nf3 Nc6 4. Bc4 e6 5. O-O a6 6. Qe2 b5 7. Bb3 Bb7 8. Rd1 Qb6 9. c3 d3 10. Qxd3 Rd8 11. Qe2 d6 12. Be3 Qc7 13. Bf4 Ne5 14. h3 Be7 15. Nbd2 Nf6 16. Rac1 O-O 17. Bg3 Bc6 18. Nd4 Ba8 19. Bc2 Qb6 20. Bb1 Rfe8 21. Kh2 Rc8 22. f4 Nc6 23. e5 Nxd4 24. cxd4 Nd5 25. exd6 Bxd6 26. Qf2 Qb8 27. Rf1 Rxc1 28. Rxc1 Bxf4 29. Bxf4 Nxf4 30. Qg3 Nxg2 31. Qxb8 Rxb8 32. Be4 Nf4 33. Bxa8 Rxa8 34. Rc7 Nd5 35. Rb7 a5 36. Ne4 h6 37. Rxb5 Rd8 38. Rb7 Ne3 39. Kg3 Rxd4 40. Kf3 Nd5 41. Rb8+ Kh7 42. Nd6 f5 43. Ne8 Nf6 44. Nc7 Rd3+ 45. Ke2 Rxh3 46. Nxe6 Nd5 47. Nf8+ Kg8 48. Ng6+ Kf7 49. Ne5+ Ke6 50. Nd7 Rh2+ 51. Kd3 Kxd7 52. Kd4 Nc7 0-1


[Site "https://www.chess.com"]

[Event "Titled Tuesday Blitz January 18 2022"]
[White "Potapova, Margarita"]
[Black "Pultinevicius, Paulius"]
[WhiteFideId "14126869"]
[BlackFideId "12809390"]
[WhiteElo "2209"]
[BlackElo "2413"]
[Result "0-1"]
[Round "02"]
[TimeControl "180+1"]
[Date "2022.01.18"]
[WhiteClock "0:00:02"]
[BlackClock "0:00:58"]

1. d4 Nf6 2. c4 e6 3. Nc3 d5 4. Nf3 c6 5. Bg5 h6 6. Bxf6 Qxf6 7. e3 Nd7 8. Be2 g6 9. O-O Bg7 10. e4 dxe4 11. Nxe4 Qf4 12. Bd3 Nf6 13. Qe2 O-O 14. Nc3 Qc7 15. Rad1 b6 16. Rfe1 Bb7 17. c5 Rad8 18. b4 a5 19. bxa5 bxc5 20. a6 cxd4 21. Na4 Ba8 22. Nc5 Nd5 23. g3 Nc3 24. Qc2 Qa7 25. Nb3 c5 26. Nfd2 Nxd1 27. Rxd1 e5 28. Qxc5 Qd7 29. Bf1 e4 30. Nc4 e3 31. Nxe3 Qe6 32. Ng2 Rfe8 33. a7 Qe4 34. Re1 Qb7 35. Rd1 d3 0-1


[Site "https://www.chess.com"]

[Event "Titled Tuesday Blitz January 18 2022"]
[White "Prraneeth Vuppala"]
[Black "Samadov, Read"]
[WhiteFideId "46622373"]
[BlackFideId "13417444"]
[WhiteElo "1759"]
[BlackElo "2084"]
[Result "0-1"]
[Round "02"]
[TimeControl "180+1"]
[Date "2022.01.18"]
[WhiteClock "0:00:04"]
[BlackClock "0:00:04"]

1. e4 c5 2. Nf3 d6 3. Bb5+ Nd7 4. a4 Nf6 5. Nc3 e6 6. d4 cxd4 7. Nxd4 Be7 8. O-O O-O 9. Be3 a6 10. Bc4 Nc5 11. f3 Re8 12. Nb3 Nxb3 13. Bxb3 b6 14. Qd2 Bb7 15. Qf2 Nd7 16. Rad1 Qc7 17. Rd2 Nc5 18. Ba2 Bf6 19. Bd4 Be5 20. Rfd1 Rad8 21. b4 Nd7 22. Ne2 Bxd4 23. Nxd4 Ne5 24. h3 Nc4 25. Re2 d5 26. Bxc4 Qxc4 27. e5 Qxb4 28. f4 Rc8 29. f5 Rc4 30. Rf1 Rxd4 31. fxe6 Rf8 32. exf7+ Kh8 33. e6 Re4 34. c3 Qe7 35. Rxe4 dxe4 36. Qxb6 Bd5 37. Qd4 Bxe6 38. Qxe4 Qc5+ 39. Kh1 Bxf7 40. Qb7 Bg6 41. Rxf8+ Qxf8 42. Qxa6 Be4 43. Qe2 Qf4 44. a5 h6 45. a6 Qc1+ 46. Kh2 Qf4+ 47. g3 Qf5 48. a7 Kh7 49. c4 Ba8 50. g4 Qf4+ 51. Kg1 Qg3+ 52. Kf1 Qxh3+ 53. Ke1 Qc3+ 54. Kf1 Qa1+ 55. Kf2 Qxa7+ 56. Kg3 Qc7+ 57. Kh3 Qf7 58. Qd3+ Qg6 0-1


[Site "https://www.chess.com"]

[Event "Titled Tuesday Blitz January 18 2022"]
[White "Rasulov, Vugar"]
[Black "Popadic, Dragan"]
[WhiteFideId "13402390"]
[BlackFideId "913650"]
[WhiteElo "2560"]
[BlackElo "2199"]
[Result "1-0"]
[Round "02"]
[TimeControl "180+1"]
[Date "2022.01.18"]
[WhiteClock "0:02:02"]
[BlackClock "0:00:09"]

1. d4 Nf6 2. Bg5 d5 3. Nd2 c5 4. e3 cxd4 5. exd4 Nc6 6. c3 Qb6 7. Qb3 Qxb3 8. Nxb3 e6 9. Nf3 Bd7 10. Bd3 Be7 11. O-O h6 12. Bf4 O-O 13. Rfe1 a6 14. a4 Rac8 15. a5 Ne8 16. Nc5 Bxc5 17. dxc5 f6 18. Be3 e5 19. Bg6 Nc7 20. b4 Ne7 21. Bc2 Nb5 22. Bd2 Be6 23. Ba4 Bd7 24. Red1 Rfd8 25. Be1 Bc6 26. Bb3 Kh7 27. c4 dxc4 28. Bxc4 Bxf3 29. gxf3 Nc6 30. Kg2 g5 31. Rd3 Ncd4 32. Rad1 Kg6 33. Bxb5 axb5 34. Bc3 Nc6 35. Rd7 Rb8 36. R1d6 Kf5 37. Kf1 h5 38. Ke2 h4 39. h3 Kg6 40. Ke3 Kf5 41. Rd1 Ke6 42. R7d6+ Ke7 43. Ke4 Rxd6 44. Rxd6 Rd8 45. Kd5 Rxd6+ 46. cxd6+ Kd7 47. Kc5 Nd8 48. Kxb5 Kxd6 49. Kb6 Kd7 50. b5 Kc8 51. Kc5 Kc7 52. Kd5 Kd7 53. a6 bxa6 54. bxa6 Kc7 55. Ba5+ 1-0


[Site "https://www.chess.com"]

[Event "Titled Tuesday Blitz January 18 2022"]
[White "Remizov, Yaroslav"]
[Black "Skatchkov, Valery"]
[WhiteFideId "34134015"]
[BlackFideId "24195812"]
[WhiteElo "2360"]
[BlackElo "2196"]
[Result "0-1"]
[Round "02"]
[TimeControl "180+1"]
[Date "2022.01.18"]
[WhiteClock "0:00:46"]
[BlackClock "0:01:01"]

1. b3 d5 2. e3 c6 3. a3 Nf6 4. Ra2 Bf5 5. d3 e6 6. c3 Nbd7 7. f3 Bd6 8. g4 Bg6 9. Rg2 h6 10. h4 Qc7 11. Ne2 e5 12. e4 O-O-O 13. b4 c5 14. g5 Nh5 15. exd5 Nf4 16. Bxf4 exf4 17. Kf2 hxg5 18. Rxg5 Be7 19. Rg4 Ne5 20. Bh3 Nxg4+ 21. Bxg4+ f5 22. h5 fxg4 23. hxg6 g3+ 24. Kg2 Qe5 0-1


[Site "https://www.chess.com"]

[Event "Titled Tuesday Blitz January 18 2022"]
[White "Ronka, Erik"]
[Black "Lovkov, Roman"]
[WhiteFideId "505080"]
[BlackFideId "4157389"]
[WhiteElo "2264"]
[BlackElo "2371"]
[Result "0-1"]
[Round "02"]
[TimeControl "180+1"]
[Date "2022.01.18"]
[WhiteClock "0:00:01"]
[BlackClock "0:00:10"]

1. d4 c5 2. d5 e5 3. Nc3 d6 4. e4 Be7 5. Nf3 Nf6 6. Be2 O-O 7. O-O Ne8 8. b3 g6 9. a4 Ng7 10. Ba3 f5 11. Nd2 h5 12. b4 b6 13. a5 f4 14. axb6 axb6 15. bxc5 bxc5 16. Nc4 Nd7 17. Nb5 Nf6 18. f3 Rb8 19. Rb1 g5 20. Qd2 Ra8 21. Bxc5 dxc5 22. d6 Ra6 23. dxe7 Qxe7 24. Qc3 Re8 25. Rfd1 Rc6 26. Nbd6 Rd8 27. Nxc8 Rcxc8 28. Qxe5 Qxe5 29. Nxe5 Rxd1+ 30. Rxd1 Re8 31. Bc4+ Kh7 32. Nd3 g4 33. Kf2 gxf3 34. gxf3 Rd8 35. Rb1 Nfe8 36. e5 Rd4 37. Bf7 Nc7 38. Rb7 Nd5 39. Bxd5 Rxd5 40. Rc7 Rd4 41. Rxc5 Ne6 42. Rc6 Ng5 43. Rd6 Rc4 44. Ne1 Kg7 45. Rd3 Kg6 46. Rd2 Kf5 47. h4 Ne6 48. Nd3 Nd4 49. Nb2 Rc3 50. Nd1 Rxc2 51. Rxc2 Nxc2 52. Nb2 Kxe5 53. Nd3+ Kf5 54. Nc5 Ne3 55. Ne4 Ke5 56. Ng5 Nf5 57. Nf7+ Kf6 58. Nd8 Nxh4 59. Nc6 Nf5 60. Nb4 Nd4 61. Nd3 Kf5 62. Kg2 Ne6 63. Nf2 Ng5 64. Nd3 h4 65. Nf2 Nf7 66. Nh3 Ne5 67. Nf2 Nc4 68. Ne4 Ne5 69. Nf2 Ke6 70. Ne4 Kd5 71. Nf6+ Kd4 72. Nh5 Ke3 73. Kh3 Nxf3 74. Nf6 Ne5 75. Kxh4 f3 76. Nh5 f2 77. Ng3 Kf3 78. Kh3 Nc4 79. Nf1 Ne3 80. Nh2+ Ke2 81. Kg3 Nf1+ 82. Nxf1 Kxf1 83. Kf3 Ke1 0-1


[Site "https://www.chess.com"]

[Event "Titled Tuesday Blitz January 18 2022"]
[White "Rudzinska, Michalina"]
[Black "Papasimakopoulos, Alexandros"]
[WhiteFideId "1172883"]
[BlackFideId "4244125"]
[WhiteElo "1904"]
[BlackElo "2340"]
[Result "0-1"]
[Round "02"]
[TimeControl "180+1"]
[Date "2022.01.18"]
[WhiteClock "0:00:32"]
[BlackClock "0:00:26"]

1. e4 e6 2. d4 d5 3. Nd2 Nf6 4. e5 Nfd7 5. Bd3 c5 6. c3 Nc6 7. Ne2 cxd4 8. cxd4 f6 9. exf6 Nxf6 10. Nf3 Bd6 11. O-O Qc7 12. g3 O-O 13. Bf4 Ng4 14. Bxd6 Qxd6 15. Nc3 Bd7 16. h3 Nf6 17. Re1 Rae8 18. Ne5 Qb4 19. Nxc6 bxc6 20. Rb1 Kh8 21. a3 Qxd4 22. Ne2 Qb6 23. Kg2 e5 24. f3 e4 25. fxe4 Nxe4 26. Bxe4 Qf2+ 27. Kh1 Bxh3 28. Qd4 Rxe4 29. Qxf2 Rxf2 30. Nf4 Bf5 31. Nd3 Rf3 32. Nc5 Rxe1+ 33. Rxe1 h5 34. Kg2 Bg4 35. Re7 a5 36. Ra7 Re3 37. Rxa5 Re2+ 38. Kf1 Rxb2 39. Ra8+ Kh7 40. a4 Rc2 41. Nb7 d4 42. a5 d3 43. a6 d2 44. Rd8 d1=Q+ 45. Rxd1 Bxd1 46. a7 Ra2 0-1


[Site "https://www.chess.com"]

[Event "Titled Tuesday Blitz January 18 2022"]
[White "Rustemov, Alexander"]
[Black "Do Valle Cardoso, Lucas"]
[WhiteFideId "4119002"]
[BlackFideId "2163144"]
[WhiteElo "2886"]
[BlackElo "2357"]
[Result "1-0"]
[Round "02"]
[TimeControl "180+1"]
[Date "2022.01.18"]
[WhiteClock "0:00:21"]
[BlackClock "0:00:11"]

1. d4 d5 2. Nf3 Nf6 3. c4 dxc4 4. Qa4+ Nbd7 5. Qxc4 a6 6. Bf4 c6 7. Nbd2 e6 8. e3 c5 9. dxc5 Bxc5 10. Nb3 b5 11. Qc3 Bb6 12. Rc1 O-O 13. Bc7 Qe7 14. Bxb6 Nxb6 15. Qc5 Qxc5 16. Nxc5 Ra7 17. Bd3 Rd8 18. Ke2 Rc7 19. Rhd1 Kf8 20. b3 h6 21. a4 bxa4 22. Nxa4 Rxc1 23. Rxc1 Nxa4 24. bxa4 Bd7 25. a5 Nd5 26. Ne5 Be8 27. f4 f6 28. Nf3 Rb8 29. Kd2 Rb2+ 30. Rc2 Rb3 31. Nd4 Rxd3+ 32. Kxd3 Nb4+ 33. Kc3 Nxc2 34. Kxc2 Ke7 35. Kc3 Kd6 36. e4 Bd7 37. Kc4 e5 38. fxe5+ fxe5 39. Nf5+ Bxf5 40. exf5 Kc6 41. g4 e4 42. Kd4 Kb5 43. h4 Kxa5 44. g5 hxg5 45. hxg5 Kb5 46. f6 gxf6 47. gxf6 a5 48. f7 a4 49. f8=Q 1-0


[Site "https://www.chess.com"]

[Event "Titled Tuesday Blitz January 18 2022"]
[White "Salimova, Nurgyul"]
[Black "Maghsoodloo, Parham"]
[WhiteFideId "2915138"]
[BlackFideId "12539929"]
[WhiteElo "2604"]
[BlackElo "2919"]
[Result "0-1"]
[Round "02"]
[TimeControl "180+1"]
[Date "2022.01.18"]
[WhiteClock "0:00:03"]
[BlackClock "0:01:06"]

1. d4 Nf6 2. Nf3 d5 3. c4 e6 4. g3 Be7 5. Bg2 O-O 6. Nc3 Nbd7 7. O-O c6 8. Bf4 a5 9. Qc2 h6 10. e4 dxc4 11. Nd2 b5 12. d5 e5 13. dxc6 exf4 14. cxd7 Bxd7 15. e5 Ng4 16. gxf4 Bc5 17. Nde4 Bf5 18. h3 Nxf2 19. Rxf2 b4 20. Nd1 Ra6 21. Qxc4 Bxf2+ 22. Ndxf2 Rg6 23. Kh2 Qh4 24. Qd3 Qxf4+ 25. Kh1 Qxe5 26. Qf3 Qxb2 27. Rf1 Be6 28. h4 Bc4 29. h5 Bxf1 30. hxg6 fxg6 31. Qh3 Bxg2+ 32. Qxg2 Kh7 33. Qh2 Qxa2 34. Ng5+ Kg8 35. Nge4 Qd5 36. Qc7 Rxf2 37. Qc8+ Rf8 0-1


[Site "https://www.chess.com"]

[Event "Titled Tuesday Blitz January 18 2022"]
[White "Sarana, Alexey"]
[Black "Sorensen, Hampus"]
[WhiteFideId "24133795"]
[BlackFideId "8703884"]
[WhiteElo "3116"]
[BlackElo "2645"]
[Result "1-0"]
[Round "02"]
[TimeControl "180+1"]
[Date "2022.01.18"]
[WhiteClock "0:02:02"]
[BlackClock "0:00:25"]

1. d4 d5 2. c4 c6 3. Nf3 Nf6 4. Nc3 e6 5. Bg5 h6 6. Bh4 g5 7. Bg3 dxc4 8. e4 b5 9. h4 g4 10. Ne5 Nbd7 11. Nxc6 Qb6 12. d5 Bb7 13. a4 b4 14. Nb5 Rc8 15. Nbxa7 Ra8 16. Nb5 Rc8 17. Bxc4 Bxc6 18. dxc6 Rxc6 19. Bd3 Bc5 20. O-O h5 21. a5 Qb7 22. a6 Qa8 23. Nc7+ Rxc7 24. Bxc7 Nxe4 25. Bxe4 Qxe4 26. a7 O-O 27. Bd6 Bxd6 28. Qxd6 Nf6 29. Qxf8+ 1-0


[Site "https://www.chess.com"]

[Event "Titled Tuesday Blitz January 18 2022"]
[White "Sargsyan, Anna M."]
[Black "Nyzhnyk, Illya"]
[WhiteFideId "13308130"]
[BlackFideId "14118084"]
[WhiteElo "2612"]
[BlackElo "2943"]
[Result "0-1"]
[Round "02"]
[TimeControl "180+1"]
[Date "2022.01.18"]
[WhiteClock "0:00:17"]
[BlackClock "0:01:14"]

1. d4 d5 2. c4 dxc4 3. Nf3 Nf6 4. e3 e6 5. Bxc4 a6 6. O-O Nbd7 7. Qe2 c5 8. Rd1 cxd4 9. Nxd4 Qc7 10. Nd2 b5 11. Bb3 Nc5 12. Bc2 Bb7 13. N2f3 Bd6 14. Bd2 Nce4 15. Be1 O-O 16. Rac1 Qb6 17. h3 Rac8 18. Bb1 b4 19. Nd2 Nxd2 20. Qxd2 Be7 21. Rxc8 Rxc8 22. Rc1 Rxc1 23. Qxc1 a5 24. Bd3 g6 25. Qc2 Nd7 26. Bc4 Ne5 27. Bf1 Bd5 28. Qc8+ Kg7 29. b3 Bc5 30. Nc2 Be4 31. Na1 Qd6 32. Be2 Nd3 33. Bxd3 Bxd3 34. Qa8 Qe5 35. Qxa5 Qxa1 36. Qxc5 Qxe1+ 37. Kh2 Qc3 0-1


[Site "https://www.chess.com"]

[Event "Titled Tuesday Blitz January 18 2022"]
[White "Sawlin, Leonid"]
[Black "Sanal, Vahap"]
[WhiteFideId "4689542"]
[BlackFideId "6300545"]
[WhiteElo "2610"]
[BlackElo "2932"]
[Result "0-1"]
[Round "02"]
[TimeControl "180+1"]
[Date "2022.01.18"]
[WhiteClock "0:01:56"]
[BlackClock "0:02:17"]

1. e3 Nf6 2. c4 g6 3. Nc3 Bg7 4. Nge2 O-O 5. b3 d6 6. Bb2 e5 7. g3 Nc6 8. Bg2 Be6 9. O-O Qd7 10. d4 exd4 11. Nxd4 Bh3 12. Nxc6 bxc6 13. Bxh3 Qxh3 14. Qf3 Ng4 15. Qg2 Qxg2+ 16. Kxg2 Rab8 17. Rad1 Ne5 18. Rfe1 Nxc4 19. Ba1 Ne5 20. Na4 Rfe8 21. Re2 Nd7 22. Bxg7 Kxg7 23. Rc2 c5 24. Nc3 Nf6 25. Nd5 Nxd5 26. Rxd5 a5 27. Rc4 Rb4 28. Rxb4 axb4 29. Rd2 Kf6 30. Kf3 Ke6 31. Ke4 f5+ 32. Kd3 d5 33. Rc2 Kd6 34. h4 Ra8 35. Rd2 Ra3 36. Ke2 Ke5 37. Rc2 c6 38. Kd2 Kd6 39. Kc1 Ra8 40. Kb2 d4 41. exd4 cxd4 42. Rc4 c5 43. Rc2 Re8 44. a3 bxa3+ 45. Kxa3 Kd5 46. b4 c4 0-1


[Site "https://www.chess.com"]

[Event "Titled Tuesday Blitz January 18 2022"]
[White "Shirazi, Kamran"]
[Black "Raja Rithvik R"]
[WhiteFideId "2000733"]
[BlackFideId "35007394"]
[WhiteElo "2317"]
[BlackElo "2255"]
[Result "1-0"]
[Round "02"]
[TimeControl "180+1"]
[Date "2022.01.18"]
[WhiteClock "0:01:09"]
[BlackClock "0:00:33"]

1. e3 d5 2. Ne2 Nf6 3. d4 g6 4. c4 dxc4 5. Nf4 c5 6. Bxc4 cxd4 7. exd4 Bg7 8. Nc3 O-O 9. h3 Nc6 10. Be3 Bf5 11. O-O Rc8 12. a3 Na5 13. Ba2 Nc4 14. Qe2 Nxe3 15. fxe3 Ne4 16. Nxe4 Bxe4 17. Rac1 e6 18. Nxe6 Rxc1 19. Nxd8 Rc2 20. Qxc2 Bxc2 21. Nxf7 Bd3 22. Nd8+ Kh8 23. Rxf8+ Bxf8 24. Nxb7 Bf5 25. b4 Be7 26. Kf2 Bh4+ 27. Kf1 Bd3+ 28. Kg1 Be1 29. Nc5 Bc2 30. Bb3 Bb1 31. b5 Kg7 32. a4 Kf6 33. Bc4 Ke7 34. Nb3 Ba2 35. Kf1 Bb4 36. Ke2 Kd6 37. e4 1-0


[Site "https://www.chess.com"]

[Event "Titled Tuesday Blitz January 18 2022"]
[White "Shkapenko, Pavel"]
[Black "Gvanceladze, Anna"]
[WhiteFideId "4151933"]
[BlackFideId "4113721"]
[WhiteElo "2386"]
[BlackElo "2048"]
[Result "1-0"]
[Round "02"]
[TimeControl "180+1"]
[Date "2022.01.18"]
[WhiteClock "0:00:19"]
[BlackClock "0:00:23"]

1. e4 c5 2. c3 d5 3. exd5 Qxd5 4. d4 Nf6 5. Nf3 e6 6. Be2 Be7 7. O-O O-O 8. c4 Qd6 9. dxc5 Qxc5 10. Be3 Qa5 11. Nc3 Bd7 12. Qb3 Qb4 13. Ne5 Nc6 14. Nxd7 Nxd7 15. Rfd1 Rfd8 16. Qxb4 Bxb4 17. Ne4 Nde5 18. a3 Be7 19. b4 b6 20. c5 bxc5 21. Nxc5 Rac8 22. Nb7 Rxd1+ 23. Rxd1 Rc7 24. Nc5 h6 25. f4 Ng6 26. Na6 Rc8 27. b5 Na5 28. g3 Bxa3 29. Bxa7 Ne7 30. Ra1 Rc1+ 31. Rxc1 Bxc1 32. Bf3 Nd5 33. Bd4 f6 34. b6 Ba3 35. Bxd5 exd5 36. Bc5 Bxc5+ 37. Nxc5 Kf7 38. b7 Nc6 39. Na6 Ke6 40. Kf2 g5 41. b8=Q Nxb8 42. Nxb8 Kf5 43. Kf3 h5 44. Nc6 g4+ 45. Ke3 h4 46. Nd4+ Kg6 47. Kd3 hxg3 48. hxg3 Kf7 49. Kc3 Ke7 50. Kb4 Kd6 51. Kb5 Ke7 52. Kc5 1-0


[Site "https://www.chess.com"]

[Event "Titled Tuesday Blitz January 18 2022"]
[White "Shuvalov, Evgenij"]
[Black "Maksimovic, Bojan"]
[WhiteFideId "4187237"]
[BlackFideId "14408120"]
[WhiteElo "2119"]
[BlackElo "2450"]
[Result "0-1"]
[Round "02"]
[TimeControl "180+1"]
[Date "2022.01.18"]
[WhiteClock "0:01:10"]
[BlackClock "0:00:20"]

1. Nf3 Nf6 2. c4 g6 3. Nc3 d5 4. cxd5 Nxd5 5. Qa4+ Nc6 6. Ne5 Qd6 7. d4 Bg7 8. e4 Nb6 9. Qb5 a6 10. Qb3 Be6 11. Qd1 Nxd4 12. Nf3 O-O-O 13. Nxd4 Bxd4 14. Qc2 f5 15. Bh6 fxe4 16. Nxe4 Qe5 17. Be2 Bf5 18. f3 Bxe4 19. fxe4 Bxb2 20. Rb1 Bc3+ 21. Kf1 Kb8 22. g3 g5 23. Bxg5 Qxg5 24. Qxc3 Rhf8+ 25. Kg2 Rd2 26. Rbe1 Rxa2 27. Rhf1 Rxf1 28. Kxf1 Qf6+ 29. Kg1 Qxc3 30. Rf1 Qe3+ 0-1


[Site "https://www.chess.com"]

[Event "Titled Tuesday Blitz January 18 2022"]
[White "Shyaamnikhil P"]
[Black "Gabdushev, Ruslan"]
[WhiteFideId "5024218"]
[BlackFideId "4137833"]
[WhiteElo "2292"]
[BlackElo "2312"]
[Result "1/2-1/2"]
[Round "02"]
[TimeControl "180+1"]
[Date "2022.01.18"]
[WhiteClock "0:00:18"]
[BlackClock "0:00:06"]

1. Nf3 Nc6 2. g3 e5 3. d3 Bc5 4. Bg2 d6 5. O-O Nf6 6. c3 a5 7. a4 O-O 8. Nbd2 Re8 9. Qc2 d5 10. e4 dxe4 11. Nxe4 Nxe4 12. dxe4 f6 13. Be3 Qe7 14. Nh4 Bxe3 15. fxe3 Qc5 16. Qe2 Be6 17. Nf5 Bc4 18. Qg4 g6 19. Rf2 Kh8 20. Qh4 Rf8 21. Nh6 Qxe3 22. Ng4 Qg5 23. Nxf6 Qxh4 24. gxh4 Kg7 25. Nd5 Rxf2 26. Kxf2 Rf8+ 27. Ke3 Rf7 28. Bh3 Bxd5 29. exd5 Ne7 30. Ke4 Rf4+ 31. Kxe5 Rxh4 32. Be6 Rh5+ 33. Kd4 Nf5+ 34. Bxf5 Rxf5 35. Re1 Kf7 36. Re2 Rf4+ 37. Kc5 Rxa4 38. Rf2+ Ke7 39. Re2+ Kf7 40. Rf2+ Ke7 41. Re2+ Kf7 1/2-1/2


[Site "https://www.chess.com"]

[Event "Titled Tuesday Blitz January 18 2022"]
[White "Sjoberg, Isak"]
[Black "Fawzy, Adham"]
[WhiteFideId "1521640"]
[BlackFideId "10613129"]
[WhiteElo "2016"]
[BlackElo "2510"]
[Result "1/2-1/2"]
[Round "02"]
[TimeControl "180+1"]
[Date "2022.01.18"]
[WhiteClock "0:00:14"]
[BlackClock "0:00:19"]

1. e4 c5 2. Nf3 Nc6 3. Bb5 g6 4. c3 Nf6 5. e5 Nd5 6. O-O Bg7 7. d4 cxd4 8. cxd4 O-O 9. Nc3 Nc7 10. Be2 d5 11. Be3 Bg4 12. h3 Bxf3 13. Bxf3 Qd7 14. Re1 f6 15. Qb3 e6 16. exf6 Bxf6 17. Rad1 b6 18. Qc2 Rac8 19. b3 Qd6 20. Qd2 Rfe8 21. Bg4 Qb4 22. Ne2 Qxd2 23. Rxd2 Nb5 24. a4 Nd6 25. Nf4 Kf7 26. Rc1 h5 27. Rdc2 Nxd4 28. Rxc8 Rxc8 29. Rxc8 Nxc8 30. Bxd4 hxg4 31. Bxf6 Kxf6 32. hxg4 Ne7 33. Kf1 Nc6 34. Nd3 Ne5 35. Ke2 Nxg4 36. f4 g5 37. Kf3 Kf5 38. fxg5 e5 39. Nb4 d4 40. g6 e4+ 41. Kg3 Nh6 42. g7 Ke5 43. Kf2 e3+ 44. Ke2 Ke4 45. Nd3 Ng8 46. b4 Nf6 47. a5 Kf5 48. axb6 axb6 49. Kf3 Kg6 50. Ne5+ Kxg7 51. b5 Nd5 52. Nc4 Nc3 53. Nxb6 Nxb5 54. Nd5 e2 55. Kxe2 Kg6 56. Kd3 Kf5 57. Ne3+ Ke5 58. Nc2 Kd5 59. Nxd4 Nxd4 60. g3 Ne6 61. Ke3 Ke5 62. Kf3 Kf5 63. g4+ Kg5 64. Kg3 Nf4 65. Kf3 Ng6 66. Kg3 Ne5 67. Kh3 Nxg4 1/2-1/2


[Site "https://www.chess.com"]